Map: Nightscape LE

Players

qqq - Winner!

  • Race: Zerg Zerg

Massa - Winner!

  • Race: Terran Terran
  • League: Platinum

LoH

  • Race: Protoss Protoss

Ormando

  • Race: Zerg Zerg
  • League: Diamond

VOD

Have the link to the VOD?

Description

Time

  • Played on: April 27, 2021, 12:29 p.m.
  • Length: 18:08
Show
View Real Time Build Order
Export as new Build Order

qqq Zerg - Winner!

Build Orders: Hatch First 

Get SALT Encoding   

  12  0:04  Drone  
  13  0:13  Drone  
  14  0:22  Overlord  
  14  0:54  Drone x3  
  17  1:00  Hatchery  
  16  1:06  Drone  
  17  1:24  Drone, Extractor  
  17  1:25  Spawning Pool  
  17  1:27  Drone  
  17  1:39  Drone  
  18  1:50  Drone  
  19  1:59  Drone  
  20  2:11  Drone  
  21  2:17  Drone  
  21  2:18  Queen  
  26  2:38  Lair  
  26  2:43  Hatchery, Drone x2  
  26  2:44  Drone x3  
  27  2:53  Extractor, Drone  
  27  2:56  Drone  
  28  3:00  Overlord  
  28  3:11  Overlord  
  28  3:18  Queen  
  28  3:19  Zergling x2  
  31  3:21  Zergling x4  
  33  3:31  Drone x2  
  35  3:38  Drone, Spire  
  35  3:43  Drone  
  35  3:44  Drone  
  35  3:45  Drone  
  38  3:50  Metabolic Boost  
  38  3:53  Drone  
  39  4:00  Queen  
  41  4:03  Drone  
  41  4:07  Drone  
  41  4:09  Overlord  
  43  4:11  Drone  
  44  4:26  Extractor  
  44  4:27  Drone x3, Extractor  
  44  4:28  Zergling x6  
  48  4:31  Drone  
  48  4:32  Drone x2  
  51  4:44  Drone  
  51  4:45  Drone x3  
  55  4:50  Mutalisk  
  57  4:52  Overlord  
  57  5:07  Drone, Mutalisk x2  
  54  5:11  Mutalisk  
  54  5:12  Drone x2  
  54  5:13  Drone x3  
  65  5:31  Overlord x4  
  65  5:44  Overlord x3  
  65  5:50  Spine Crawler  
  65  5:54  Zerg Flyer Weapons Level 1  
  65  5:56  Hydralisk Den  
  63  5:57  Drone  
  63  5:58  Drone, Mutalisk, Zergling x4  
  63  5:59  Mutalisk  
  63  6:00  Infestation Pit  
  70  6:04  Drone x3  
  73  6:11  Drone x2, Mutalisk  
  73  6:15  Mutalisk  
  73  6:18  Mutalisk  
  79  6:22  Drone x2  
  73  6:41  Mutalisk x2  
  73  6:46  Zergling x2  
  73  6:47  Zergling x14  
  83  7:00  Mutalisk x2  
  83  7:09  Mutalisk  
  85  7:21  Mutalisk  
  87  7:41  Drone x7  
  87  7:42  Drone x2  
  96  7:52  Drone  
  96  7:53  Drone x2  
  96  7:54  Hatchery  
  96  7:57  Extractor  
  97  8:00  Extractor  
  96  8:06  Hatchery, Hive  
  96  8:08  Hatchery  
  96  8:11  Hatchery, Lurker Den, Zerg Flyer Armor Level 1  
  92  8:15  Drone x2, Mutalisk  
  96  8:42  Mutalisk x3  
  96  8:44  Drone x4  
  96  8:45  Drone x3  
  109  8:52  Mutalisk  
  109  8:55  Drone x3  
  114  8:56  Overlord x2  
  114  9:02  Extractor  
  113  9:05  Extractor  
  112  9:13  Hydralisk  
  114  9:17  Viper  
  114  9:19  Viper  
  114  9:21  Drone x2  
  114  9:23  Queen  
  124  9:24  Queen  
  126  9:35  Drone x2  
  126  9:36  Drone x6  
  134  9:39  Drone  
  134  9:40  Drone x2, Mutalisk x3  
  134  9:42  Zergling x2  
  134  9:43  Zergling x10  
  149  9:47  Queen  
  149  9:48  Queen  
  153  9:54  Spine Crawler  
  147  10:02  Mutalisk x3  
  150  10:16  Spine Crawler, Viper  
  150  10:18  Mutalisk  
  154  10:36  Corruptor x3  
  154  10:38  Overlord x5  
  154  10:39  Overlord x6  
  160  11:12  Corruptor  
  160  11:13  Hydralisk, Corruptor x4  
  160  11:14  Hydralisk x4  
  147  11:41  Corruptor x3  
  147  11:42  Zergling x4  
  147  11:43  Zergling x8  
  157  11:50  Mutalisk x3  
  157  11:51  Hydralisk, Zergling x8  
  157  11:52  Hydralisk x4, Zergling x2  
  174  12:10  Corruptor x3  
  174  12:11  Mutalisk x2  
  174  12:13  Hydralisk  
  163  12:50  Viper x2  
  163  12:51  Viper  
  167  12:52  Mutalisk x2  
  167  12:53  Zergling x12  
  167  12:54  Zergling x10  
  167  12:55  Zergling x4  
  187  13:11  Lurker x2  
  189  13:31  Hydralisk x2  
  189  13:32  Hydralisk x3  
  199  13:34  Drone  
  199  13:37  Zerg Flyer Weapons Level 2  
  200  13:43  Spire  
  199  13:54  Seismic Spines  
  199  14:07  Extractor  
  198  14:10  Extractor  
  162  14:49  Mutalisk x4  
  162  14:50  Zergling x2  
  162  14:51  Zergling x16  
  155  15:10  Mutalisk x4, Zergling x8  
  155  15:11  Drone  
  155  15:12  Drone x2  
  156  15:17  Greater Spire  
  155  15:29  Drone x8  
  155  15:31  Overseer  
  163  15:36  Hydralisk  
  163  15:37  Hydralisk x5  
  163  15:39  Hatchery  
  166  15:52  Zerg Flyer Armor Level 2  
  166  15:53  Drone  
  166  15:54  Drone x4  
  169  16:06  Zergling x6  
  169  16:07  Zergling x18  
  176  16:18  Hydralisk x4  
  176  16:21  Drone x2, Zergling x4  
  188  16:50  Lurker x5  
  188  16:51  Lurker x5  
  188  16:53  Adaptive Talons  
  198  16:58  Brood Lord  
  200  17:03  Hatchery  
Show
View Real Time Build Order
Export as new Build Order

Massa Terran - Winner!

Build Orders:  

Get SALT Encoding   

  12  0:00  SCV  
  13  0:12  SCV  
  14  0:22  Supply Depot  
  14  0:24  SCV  
  15  0:43  SCV  
  15  0:45  Barracks  
  15  0:47  Refinery  
  16  0:55  SCV  
  17  1:07  SCV, Barracks  
  18  1:19  SCV  
  19  1:32  Reaper  
  20  1:33  Orbital Command  
  20  1:59  SCV  
  21  2:02  Reaper  
  21  2:07  Reaper  
  23  2:08  Command Center  
  23  2:29  Supply Depot  
  23  2:30  Supply Depot  
  23  2:36  Barracks Tech Lab  
  23  2:39  Barracks Reactor  
  23  2:47  Engineering Bay  
  23  2:50  SCV  
  24  2:58  Marine  
  24  3:02  SCV  
  26  3:16  Marine  
  25  3:36  Orbital Command, SCV  
  25  3:39  Stimpack  
  25  3:40  Marauder, Marine x2  
  30  3:47  Barracks  
  30  3:48  SCV  
  30  3:49  Barracks  
  30  3:54  Refinery  
  31  3:58  Marine x2  
  31  4:01  SCV  
  34  4:05  SCV  
  35  4:11  Terran Infantry Weapons Level 1  
  35  4:12  Supply Depot  
  35  4:13  SCV  
  36  4:17  Engineering Bay  
  36  4:18  SCV  
  37  4:25  SCV, Marauder, Marine x2  
  37  4:30  SCV  
  43  4:37  SCV  
  44  4:43  Barracks Tech Lab, Marine x2  
  44  4:44  Factory  
  46  4:46  Barracks Reactor  
  46  4:47  SCV  
  46  4:48  Marine  
  46  4:49  SCV  
  49  5:01  Marine x2  
  49  5:06  Marine x2  
  53  5:10  Terran Infantry Armor Level 1  
  53  5:18  Marine  
  54  5:29  Marine x2  
  54  5:30  Marine x2  
  58  5:36  Combat Shield  
  58  5:37  Concussive Shells  
  58  5:42  SCV x2  
  60  5:46  Refinery  
  60  5:47  Refinery  
  60  5:50  Command Center  
  60  5:51  Factory Tech Lab  
  60  5:54  SCV x2  
  62  6:02  Supply Depot  
  62  6:05  Armory  
  62  6:24  SCV x2, Marauder, Marine x4  
  70  6:36  SCV  
  70  6:40  SCV  
  70  6:46  Marauder  
  52  7:03  Marauder, Marine x2  
  52  7:04  Marine x2  
  52  7:08  Marauder  
  57  7:09  Siege Tank  
  57  7:10  Terran Infantry Armor Level 2, Terran Infantry Weapons Level 2  
  60  7:16  Starport  
  60  7:21  Marine x3  
  63  7:24  SCV x2  
  63  7:25  Marauder  
  63  7:29  Marauder  
  69  7:31  Missile Turret  
  69  7:33  Terran Vehicle And Ship Armor Level 1  
  69  7:36  SCV x2  
  71  7:37  Missile Turret  
  71  7:41  Missile Turret  
  71  7:43  Missile Turret  
  71  7:46  Marauder  
  71  7:47  Orbital Command, Missile Turret  
  73  7:53  Siege Tank  
  76  7:59  Command Center  
  76  8:00  Starport Reactor  
  76  8:09  Supply Depot  
  76  8:12  SCV x2  
  78  8:23  Marauder x2, Marine, Missile Turret  
  78  8:24  Marine x2, Missile Turret  
  85  8:31  SCV x2  
  85  8:32  SCV, Supply Depot  
  88  8:40  Medivac x2  
  92  8:43  Marine  
  92  8:46  Missile Turret  
  93  8:51  Supply Depot  
  93  8:54  SCV x3, Marauder x2, Marine  
  101  8:56  Supply Depot  
  101  9:01  Supply Depot  
  101  9:10  SCV, Medivac x2, Thor  
  101  9:11  SCV x2  
  114  9:20  Supply Depot  
  114  9:24  SCV, Supply Depot  
  114  9:25  SCV x2  
  114  9:30  Refinery x2  
  117  9:36  SCV  
  117  9:37  SCV x2  
  120  9:42  Supply Depot  
  120  9:49  SCV x2  
  120  10:05  Marine x4  
  120  10:06  Marauder, Supply Depot  
  120  10:07  Widow Mine, Marauder  
  115  10:23  Marine  
  115  10:26  Marine  
  115  10:28  Marauder x2  
  92  10:38  Thor  
  92  10:39  Marine x2  
  92  10:41  Marine  
  99  10:43  Marine  
  99  10:45  Barracks  
  99  10:48  Barracks  
  99  10:49  Marauder x2  
  104  10:52  Barracks  
  104  11:00  Planetary Fortress  
  104  11:02  SCV x3  
  107  11:10  Marine x4  
  107  11:11  Marauder x2  
  115  11:12  Medivac  
  115  11:13  Terran Infantry Armor Level 3, Medivac, Missile Turret  
  115  11:14  SCV x2, Missile Turret  
  115  11:15  Terran Infantry Weapons Level 3, Terran Vehicle And Ship Armor Level 2  
  121  11:23  Factory  
  121  11:26  Supply Depot  
  121  11:28  Marine x4, Supply Depot  
  121  11:29  Factory  
  121  11:32  Marauder x2  
  129  11:33  Refinery  
  129  11:34  Refinery  
  129  11:35  Missile Turret  
  129  11:36  Missile Turret  
  129  11:37  Ghost Academy  
  129  11:45  Marine  
  129  11:46  Marine  
  131  11:50  Supply Depot  
  131  11:52  Supply Depot  
  125  11:57  Missile Turret  
  97  12:08  Thor  
  97  12:12  Factory Tech Lab, Factory Reactor, Supply Depot  
  97  12:15  Medivac x2  
  105  12:17  Drilling Claws  
  105  12:19  Barracks Reactor, Barracks Tech Lab  
  105  12:20  Barracks Reactor  
  103  12:45  Medivac x2  
  103  12:51  Marauder x3, Thor  
  113  12:52  Marine  
  113  12:53  Marine x3  
  113  12:56  Siege Tank  
  126  13:07  SCV x2  
  126  13:08  SCV x2  
  126  13:10  Marine  
  126  13:11  Marine x3  
  126  13:12  Marauder x3  
  140  13:17  Widow Mine x2  
  144  13:27  Thor  
  144  13:28  Marine x4  
  144  13:29  Marine x2  
  144  13:32  Command Center  
  144  13:33  Marauder, Ghost x2  
  158  13:34  Siege Tank  
  158  13:39  Widow Mine  
  163  13:46  Marine  
  146  13:54  Ghost  
  144  13:57  Marine x3  
  144  13:58  Marine x4  
  144  14:02  Marauder x2  
  155  14:03  Marine  
  155  14:07  Enhanced Shockwaves  
  156  14:15  Marine x3  
  156  14:16  Marine x4  
  163  14:21  Marine  
  163  14:23  Ghost x2  
  163  14:24  Marauder  
  170  14:26  Widow Mine x4  
  178  14:33  Marine x4  
  178  14:34  Marine x3  
  182  14:39  Marine  
  182  14:44  Ghost  
  169  14:47  Widow Mine  
  169  14:48  Widow Mine x3  
  169  14:50  Marine  
  169  14:51  Ghost  
  169  14:52  Marauder  
  163  14:57  Marine x7  
  118  15:08  Widow Mine, Marine, Thor x2  
  118  15:13  Marauder, Ghost  
  131  15:15  Marine x2  
  131  15:18  Marine  
  131  15:19  Marine x4  
  131  15:20  Ghost  
  135  15:25  Personal Cloaking  
  135  15:26  Marine  
  136  15:28  Planetary Fortress  
  136  15:32  Marine  
  136  15:33  Marine  
  136  15:34  SCV x3, Ghost, Missile Turret  
  143  15:36  Marine  
  143  15:41  Ghost  
  146  15:49  Marauder  
  143  15:54  Missile Turret  
  143  15:55  Widow Mine  
  143  15:56  Widow Mine x2, Siege Tank  
  152  15:57  Marine x2  
  152  15:58  Marine x6  
  152  16:03  Marauder  
  162  16:10  Marauder, Ghost  
  166  16:14  Missile Turret  
  166  16:15  Marine x2  
  166  16:16  Marine x6  
  166  16:17  Widow Mine x2  
  169  16:24  Ghost  
  160  16:31  Ghost  
  159  16:33  Marine x3  
  159  16:36  Missile Turret  
  159  16:38  Ghost  
  164  16:42  Marine  
  164  16:43  Marine x4  
  169  16:53  Marauder  
  171  16:56  Missile Turret  
  171  17:00  Marauder  
  173  17:08  Marauder  
  170  17:15  Marauder  
  163  17:18  Widow Mine  
  163  17:19  Widow Mine x3, Marine  
  163  17:20  Marine x7  
  163  17:22  Marauder  
  180  17:29  Marauder  
  180  17:35  Ghost  
  175  17:37  Marine x7  
  175  17:38  Marine  
  175  17:39  Widow Mine  
  175  17:40  Widow Mine x3  
Show
View Real Time Build Order
Export as new Build Order

LoH Protoss 

Build Orders:  

Get SALT Encoding   

  12  0:00  Probe (Chrono Boost)  
  13  0:10  Probe (Chrono Boost)  
  14  0:18  Pylon  
  15  0:21  Probe  
  15  0:36  Probe  
  15  0:37  Gateway  
  15  0:42  Assimilator  
  16  0:48  Probe  
  17  0:52  Assimilator  
  17  1:00  Probe  
  18  1:04  Pylon  
  18  1:12  Probe  
  19  1:24  Probe  
  20  1:26  Cybernetics Core  
  20  1:36  Probe  
  21  1:48  Probe  
  22  2:00  Probe  
  23  2:02  Warp Gate  
  23  2:03  Stalker  
  23  2:06  Robotics Facility  
  25  2:08  Shield Battery  
  25  2:33  Sentry  
  25  2:34  Nexus  
  25  2:36  Pylon  
  27  2:57  Robotics Bay  
  27  3:01  Warp Prism  
  29  3:41  Disruptor (Chrono Boost)  
  29  3:46  Probe  
  33  3:49  Probe  
  34  3:56  Gateway  
  34  3:58  Gateway  
  34  3:59  Probe  
  34  4:00  Gateway  
  34  4:01  Probe  
  36  4:11  Probe  
  36  4:13  Probe  
  38  4:23  Probe  
  39  4:25  Probe  
  40  4:35  Probe  
  40  4:37  Probe  
  42  4:47  Probe  
  42  4:49  Probe  
  44  4:56  Assimilator  
  44  4:59  Probe, Assimilator  
  45  5:02  Probe  
  45  5:03  Pylon  
  46  5:07  Pylon  
  46  5:11  Probe  
  46  5:14  Probe  
  48  5:23  Probe  
  48  5:26  Probe  
  50  5:35  Probe  
  50  5:38  Probe  
  47  5:43  Stalker  
  47  5:44  Stalker x3  
  47  5:47  Probe  
  56  5:50  Probe  
  56  5:55  Shield Battery  
  57  6:00  Probe  
  57  6:02  Probe  
  57  6:03  Immortal  
  63  6:04  Extended Thermal Lance  
  63  6:05  Forge  
  63  6:07  Stalker x2  
  63  6:08  Forge, Stalker  
  69  6:12  Probe  
  69  6:15  Twilight Council  
  69  6:18  Pylon  
  70  6:24  Pylon  
  70  6:36  Probe x2  
  72  6:40  Stalker  
  72  6:41  Stalker  
  66  7:10  Stalker x3  
  66  7:11  Stalker  
  74  7:18  Photon Cannon  
  74  7:20  Photon Cannon x2  
  73  7:23  Photon Cannon  
  73  7:26  Photon Cannon  
  73  7:32  Shield Battery  
  71  8:02  Nexus  
  71  8:03  Protoss Ground Weapons Level 1, Pylon, Protoss Ground Armor Level 1  
  71  8:04  Immortal  
  71  8:05  Templar Archives  
  75  8:06  Pylon  
  75  8:09  Assimilator  
  75  8:13  Assimilator  
  75  8:16  Probe x2  
  77  8:20  Pylon  
  77  8:24  Pylon  
  77  8:28  Probe x2  
  77  8:29  Shield Battery  
  77  8:31  Photon Cannon  
  79  8:37  Photon Cannon  
  79  8:40  Probe x2  
  81  8:44  Observer  
  82  8:51  Psionic Storm  
  82  8:59  Probe x2  
  84  9:04  Colossus  
  90  9:19  Stalker x2  
  90  9:20  Stalker x2  
  98  9:27  Gateway  
  98  9:30  Gateway  
  98  9:36  Gateway  
  98  9:39  Gateway  
  98  9:41  Photon Cannon  
  98  9:58  Colossus  
  104  10:00  High Templar x4  
  104  10:04  Archon x2  
  78  10:39  High Templar x3  
  78  10:40  High Templar  
  78  10:41  High Templar x2  
  90  10:45  Charge  
  90  10:47  Zealot x2  
  94  10:51  Colossus  
  100  11:01  Protoss Ground Weapons Level 2  
  100  11:02  Protoss Ground Armor Level 2  
  100  11:16  Zealot x5  
  100  11:17  Zealot x3  
  116  11:46  Observer  
  97  12:07  Immortal  
  73  12:09  Zealot  
  73  12:10  Zealot x5  
  73  12:11  Zealot x2  
  85  12:37  Zealot x5  
  85  12:38  Zealot x3  
  93  12:45  Gateway  
  93  12:46  Colossus, Gateway  
  93  12:48  Gateway  
  93  12:50  Gateway  
  85  12:59  High Templar x3  
  85  13:00  High Templar x3  
  85  13:05  High Templar x2  
  101  13:06  Nexus  
  101  13:08  Assimilator  
  101  13:09  Archon  
  101  13:13  Assimilator  
  101  13:16  Pylon  
  101  13:19  Pylon  
  101  13:32  Stalker x2  
  101  13:33  Stalker x4  
  113  13:40  Immortal  
  107  13:56  High Templar x4  
  107  13:57  High Templar  
  107  13:58  High Templar  
  107  14:00  Archon x2  
  107  14:01  Archon  
  119  14:04  Zealot x2  
  119  14:05  Zealot x4  
  131  14:11  Probe  
  131  14:12  Probe x2  
  131  14:16  Photon Cannon  
  134  14:23  Probe  
  134  14:24  Probe  
  116  14:34  Zealot x4  
  116  14:35  Zealot x5  
  116  14:36  Zealot x3  
  105  14:56  Archon x2  
  91  15:07  Zealot x6  
  77  15:08  Zealot x5  
  77  15:09  Zealot  
  67  15:36  Stalker x2  
  67  15:37  Stalker x5  
  67  15:38  Stalker x5  
  69  16:00  High Templar x2  
  69  16:01  High Templar x3  
  69  16:02  High Templar  
  81  16:04  Archon  
  81  16:05  Archon  
  81  16:06  Archon  
  81  16:08  Zealot  
  48  16:28  Stalker x2  
  48  16:29  Stalker x2  
  50  16:45  Nexus  
  50  16:50  High Templar  
  52  16:55  High Templar  
  48  17:20  Zealot x4  
  48  17:21  Zealot x3  
  48  17:22  Zealot  
  49  17:39  Archon  
  49  17:40  Stalker  
  49  17:41  Stalker x2  
  22  18:00  Stalker  
Show
View Real Time Build Order
Export as new Build Order

Ormando Zerg 

Build Orders: Hatch First 

Get SALT Encoding   

  12  0:00  Drone  
  13  0:12  Overlord  
  13  0:16  Drone  
  14  0:31  Drone x2  
  16  0:52  Hatchery, Drone  
  16  0:56  Drone  
  17  1:01  Drone  
  18  1:09  Extractor  
  17  1:16  Spawning Pool  
  16  1:18  Drone  
  16  1:22  Drone  
  18  1:28  Drone  
  19  1:44  Overlord  
  19  1:50  Drone  
  20  2:01  Drone  
  21  2:02  Queen  
  21  2:04  Queen  
  21  2:05  Zergling x2  
  26  2:17  Drone, Zergling x2  
  26  2:18  Metabolic Boost  
  28  2:27  Drone x2  
  30  2:33  Zergling x2  
  31  2:40  Drone  
  32  2:47  Queen  
  32  2:50  Drone, Overlord  
  35  2:55  Drone  
  36  3:04  Hatchery  
  35  3:06  Drone  
  36  3:26  Drone x4, Zergling x4  
  41  3:37  Drone x2  
  43  3:44  Overlord x2  
  43  3:51  Baneling Nest  
  43  3:53  Drone  
  43  3:55  Overlord  
  43  4:05  Drone x4  
  47  4:11  Lair  
  47  4:19  Drone x2, Zergling x6  
  47  4:22  Extractor  
  47  4:23  Extractor  
  50  4:25  Spine Crawler  
  50  4:27  Drone, Spore Crawler  
  49  4:33  Drone x2  
  49  4:34  Drone, Zergling x2  
  49  4:35  Drone  
  49  4:36  Drone x2  
  56  4:46  Drone x2  
  56  4:47  Drone x3  
  56  4:48  Spine Crawler  
  56  4:49  Spine Crawler  
  56  4:50  Spore Crawler  
  58  4:53  Drone  
  58  4:56  Extractor, Drone  
  58  4:57  Drone  
  60  5:04  Drone x2  
  60  5:05  Drone  
  63  5:08  Baneling x4  
  63  5:09  Baneling  
  63  5:12  Drone  
  64  5:17  Extractor  
  64  5:20  Extractor  
  62  5:23  Drone x3  
  62  5:24  Overlord  
  62  5:25  Overlord x3  
  62  5:27  Overlord  
  65  5:40  Overlord x2  
  65  5:45  Spore Crawler, Spire  
  65  5:48  Spore Crawler  
  62  5:56  Spine Crawler  
  61  5:59  Spore Crawler  
  61  6:01  Spore Crawler  
  61  6:03  Spore Crawler  
  58  6:04  Drone x3  
  58  6:05  Drone x5  
  58  6:06  Drone  
  58  6:09  Spore Crawler  
  66  6:11  Spore Crawler  
  65  6:28  Zergling x4  
  67  6:35  Zergling x2  
  67  6:38  Zergling x10  
  67  6:39  Zergling x10  
  64  6:50  Zergling x6  
  63  7:00  Mutalisk x3  
  67  7:12  Drone  
  67  7:13  Drone x2  
  70  7:21  Mutalisk  
  70  7:22  Mutalisk x2  
  76  7:30  Drone  
  76  7:31  Drone  
  76  7:33  Queen x2  
  80  7:42  Baneling x3  
  80  7:43  Baneling x6  
  78  7:50  Drone x6  
  84  7:55  Drone x2  
  84  7:56  Drone  
  84  7:58  Drone  
  88  8:12  Drone x3, Mutalisk x2  
  91  8:13  Mutalisk  
  91  8:15  Drone  
  91  8:16  Drone  
  91  8:17  Drone  
  98  8:29  Mutalisk  
  100  8:38  Zerg Flyer Weapons Level 1  
  100  8:40  Drone x6  
  106  8:42  Overlord x4  
  106  8:43  Overlord  
  106  9:02  Hydralisk Den  
  105  9:05  Drone  
  105  9:06  Mutalisk x4  
  105  9:09  Mutalisk x4  
  116  9:10  Mutalisk x2  
  126  9:18  Mutalisk x4  
  126  9:23  Spine Crawler  
  133  9:29  Mutalisk  
  133  9:30  Mutalisk x3  
  141  9:32  Mutalisk  
  143  9:43  Mutalisk  
  121  10:05  Zergling x2  
  121  10:06  Zergling x16  
  121  10:07  Zergling x12  
  106  10:37  Hydralisk x5  
  106  10:38  Hydralisk x7  
  130  10:46  Evolution Chamber  
  130  10:47  Evolution Chamber  
  128  10:54  Baneling x7  
  128  10:55  Baneling x3  
  128  10:56  Zergling x12  
  134  10:57  Hatchery  
  129  11:21  Hydralisk x3  
  129  11:22  Hydralisk x2  
  130  11:36  Hydralisk x6  
  130  11:37  Hydralisk x5  
  132  11:50  Zerg Missile Weapons Level 1  
  132  11:51  Zerg Ground Armor Level 1  
  132  11:57  Hatchery  
  132  12:00  Lurker Den  
  132  12:01  Muscular Augments  
  113  12:44  Hydralisk x7  
  69  12:45  Hydralisk x8  
  69  12:46  Hydralisk x2  
  69  12:51  Hydralisk x3  
  105  13:04  Hydralisk x2  
  105  13:05  Hydralisk x3  
  113  13:08  Hydralisk  
  113  13:12  Grooved Spines  
  117  13:13  Lurker  
  117  13:37  Zergling x6  
  117  13:38  Zergling x16  
  128  13:44  Hatchery, Infestation Pit  
  128  13:46  Zerg Missile Weapons Level 2  
  128  13:47  Zerg Ground Armor Level 2  
  126  13:53  Hydralisk x2  
  126  13:54  Hydralisk  
  132  13:57  Spore Crawler  
  132  13:58  Spore Crawler  
  132  14:00  Spine Crawler  
  129  14:04  Drone x3  
  129  14:08  Queen x2  
  136  14:10  Baneling x3  
  136  14:14  Hatchery  
  88  15:03  Hydralisk x4  
  88  15:04  Hydralisk x7  
  88  15:05  Hydralisk x4  
  88  15:06  Hydralisk  
  108  15:10  Hydralisk  
  102  15:23  Drone x7  
  106  15:35  Spore Crawler  
  106  15:36  Spore Crawler  
  106  15:37  Spine Crawler  
  106  15:42  Drone x4  
  107  15:45  Zergling x4  
  109  15:50  Lurker x2  
  109  15:51  Lurker  
  109  15:52  Lurker  
  100  16:13  Spine Crawler  
  100  16:14  Spore Crawler  
  97  16:25  Spore Crawler  
  97  16:26  Spine Crawler  
  97  16:28  Spore Crawler  
  97  16:29  Spore Crawler  
  91  16:44  Hydralisk x7  
  91  16:45  Hydralisk  
  107  16:48  Overseer  
  96  16:55  Lurker x2  
  96  16:56  Lurker x2  
  71  17:30  Overseer  
  71  17:36  Drone x2, Hydralisk x5  
Tags
 
Add a new tag
Caveats
  • Supply blocks, unpowered buildings, or Contaminate may cause inaccurate times.
  • Supply counts are checked every 10 seconds.